 Dungeon Crawl Stone Soup version 0.24.0-29-g8ce449bc06 (webtiles) character file.

Game seed: 487170711257859109, levelgen mode: deterministic

24760 FishyPogo the Thaumaturge (level 13, -15/79 HPs)
             Began as a Gnoll Wanderer on Nov 14, 2019.
             Was a Priest of Hepliaklqana.
             Shot with a bolt by an orc warlord (34 damage)
             ... on level 1 of the Orcish Mines.
             The game lasted 02:00:59 (15953 turns).

FishyPogo the Thaumaturge (Gnoll Wanderer)         Turns: 15953, Time: 02:01:00

Health: -15/79     AC: 10    Str: 17    XL:     13   Next: 15%
Magic:  0/26       EV: 18    Int: 19    God:    Hepliaklqana [***...]
Gold:   661        SH:  0    Dex: 17    Spells: 7/30 levels left

rFire    . . .     SeeInvis .   a - +3 mace of Muufut {crush, rC+ MR+ Int+4 Stlth-}
rCold    + . .     Gourm    .   X - +0 buckler
rNeg     . . .     Faith    .   k - +2 robe {MR+}
rPois    +         Spirit   +   g - +1 helmet
rElec    .         Reflect  +   D - scarf {Spirit}
rCorr    .         Harm     .   (no gloves)
MR       +....                  c - +0 pair of boots
Stlth    +.........             R - +5 amulet of reflection
HPRegen  0.23/turn              (no ring)
MPRegen  0.20/turn              (no ring)

@: confused, vulnerable
A: distributed training, reduced essence, fangs 1, thin metallic scales 1, frail
1, magic resistance 1, poison resistance, strong nose
a: Recall Ancestor, Ancestor Identity, Transference, Renounce Religion


You were on level 1 of the Orcish Mines.
You worshipped Hepliaklqana.
Hepliaklqana was most pleased with you.
You were hungry.

You visited 4 branches of the dungeon, and saw 17 of its levels.
You also visited: Sewer and Ice Cave.

You collected 907 gold pieces.
You spent 246 gold pieces at shops.

Inventory:

Hand Weapons
 a - the +3 mace of Muufut (weapon) {crush, rC+ MR+ Int+4 Stlth-}
   (You found it on level 9 of the Dungeon)

   It inflicts extra damage upon your enemies.
   It affects your intelligence (+4).
   It protects you from cold.
   It affects your resistance to hostile enchantments.
   It makes you less stealthy.
 b - a +2 flail of holy wrath
 M - a +4 spear
 T - a +3 shortbow of freezing
Missiles
 l - 41 poisoned darts (quivered)
 o - 469 stones
 A - 8 throwing nets
 G - 12 boomerangs
 J - 4 javelins
 V - 17 arrows
Armour
 c - a +0 pair of boots (worn)
 g - a +1 helmet (worn)
 h - a +0 scale mail of cold resistance
 k - a +2 robe of magic resistance (worn)
 n - a +2 leather armour of fire resistance
 D - a scarf of spirit shield (worn)
 P - a +0 shield
 U - the +1 robe "Hyf Fid" {rCorr Int+4}
   (You found it on level 10 of the Dungeon)

   It affects your intelligence (+4).
   It provides partial protection from all sources of acid and corrosion.
 X - a +0 buckler (worn)
Jewellery
 i - an uncursed amulet of faith
 R - a +5 amulet of reflection (around neck)
Wands
 x - a wand of polymorph (8)
 B - a wand of enslavement (9)
 I - a wand of disintegration (6)
 K - a wand of paralysis (22)
 L - a wand of flame (20)
Scrolls
 e - 12 scrolls of identify
 j - 3 scrolls of magic mapping
 p - 3 scrolls of enchant weapon
 s - 5 scrolls of remove curse
 t - 3 scrolls of amnesia
 y - 2 scrolls of enchant armour
 H - a scroll of fear
Potions
 d - a potion of resistance {unknown}
 m - 2 potions of curing
 q - 3 potions of lignification {unknown}
 r - a potion of magic {unknown}
 u - a potion of ambrosia
 v - a potion of berserk rage {unknown}
 w - a potion of might {unknown}
 z - a potion of mutation
 C - 2 potions of flight {unknown}
 E - a potion of cancellation
 Q - 2 potions of brilliance {unknown}
 S - 3 potions of haste
Comestibles
 f - 20 rations
 F - 6 chunks of flesh


   Skills:
 + Level 8.3 Fighting
 + Level 7.9 Short Blades
 + Level 7.9 Long Blades
 + Level 7.9 Axes
 + Level 7.9 Maces & Flails
 + Level 7.9 Polearms
 + Level 7.9 Staves
 + Level 7.9 Slings
 + Level 7.9 Bows
 + Level 9.2 Crossbows
 + Level 8.3 Throwing
 + Level 7.9 Armour
 + Level 7.9 Dodging
 + Level 7.9 Stealth
 + Level 8.3 Shields
 + Level 7.9 Unarmed Combat
 + Level 9.4 Spellcasting
 + Level 7.6 Conjurations
 + Level 6.5 Hexes
 + Level 6.5 Charms
 + Level 6.5 Summonings
 + Level 6.9 Necromancy
 + Level 6.5 Translocations
 + Level 6.5 Transmutations
 + Level 6.5 Fire Magic
 + Level 6.5 Ice Magic
 + Level 6.5 Air Magic
 + Level 6.5 Earth Magic
 + Level 6.5 Poison Magic
 + Level 8.6 Invocations
 + Level 7.9 Evocations


You had 7 spell levels left.
You knew the following spells:

 Your Spells              Type           Power        Failure   Level  Hunger
a - Magic Dart            Conj           ####         1%          1    None
b - Tukima's Dance        Hex            ####....     1%          3    None
c - Mephitic Cloud        Conj/Pois/Air  #####...     1%          3    None
j - Conjure Flame         Conj/Fire      #####...     1%          3    None
l - Summon Lightning Spi  Summ/Air       ####....     5%          4    ###....
p - Call Imp              Summ           ####....     1%          2    None
u - Summon Ice Beast      Ice/Summ       ####....     5%          4    ###....
y - Summon Guardian Gole  Hex/Summ       ####....     1%          3    None

Your spell library contained the following spells:

 Spells                   Type           Power        Failure   Level  Hunger
 Corona                   Hex            ####...      1%          1    None
 Summon Small Mammal      Summ           ####         1%          1    None
 Blink                    Tloc           N/A          1%          2    None
 Ensorcelled Hibernation  Hex/Ice        ####..       1%          2    None
 Slow                     Hex            ####....     1%          2    None
 Call Canine Familiar     Summ           ####....     1%          3    None
 Confuse                  Hex            ####....     1%          3    None
 Dazzling Spray           Conj/Hex       #####.       1%          3    None


Dungeon Overview and Level Annotations

Branches:
Dungeon (13/15)            Temple (1/1) D:5            Lair (1/6) D:11
    Orc (2/2) D:11          Sewer (visited)           IceCv (visited)
    Elf: Orc:2       Vaults: D:13-14

Altars:
Ashenzari
Cheibriados
Dithmenos
Elyvilon
Fedhas
Gozag
Hepliaklqana
Kikubaaqudgha
Makhleb
Nemelex Xobeh
Okawaru
Qazlal
Ru
Sif Muna
Trog
Uskayaw
Vehumet
Wu Jian
Xom
Yredelemnul
Zin
The Shining One

Shops:
D:6 !*=   Orc:1 [

Annotations:
D:12 Snorg, Urug


Innate Abilities, Weirdness & Mutations

Your experience applies equally to all skills.
You have very sharp teeth.
Your uncanny sense of smell can sniff out nearby items.
Your life essence is reduced to manifest your ancestor. (-10% HP)
You are partially covered in thin metallic scales. (AC +2)
You are frail. (-10% HP)
You are resistant to hostile enchantments. (MR+)
Your system is resistant to poisons. (rPois)


Message History

The orc wizard goes into a battle-frenzy!
An orc comes into view. It is wielding a +0 flail.
You block the warg's attack.
Unknown command.
The orc warlord unwields a +3 battleaxe.
The orc warlord wields a +0 arbalest.
The orc warlord shoots a bolt.
You reflect the bolt off an invisible shield around you!
The bolt hits the orc warlord!
You block the warg's attack.
Unknown command.
Okay, then.
You are confused.
You feel invigorated. The warg closely misses you.
The warg is engulfed in blazing flames.
The warg explodes!
The fiery explosion engulfs you!!
* * * LOW HITPOINT WARNING * * *
The fiery explosion engulfs the orc!
The orc explodes!
The orc warlord shoots a bolt.
The bolt hits you!!!
You die...

#######.## ##.
....#..% ##
∆......# ∆
.o..o.# .
oo§§§.#.. .
#§§§§...% #..
##§§§§....
.....##h§§§§....
..o.o.O§@§§.....
.....##§§§§§.#..
#... ..§§§...#
## ......#####
###....o #...###
...## ##%#


You could see an orc warlord (inner flame), a warg (inner flame), 3 orc
warriors, an ogre, an orc wizard and 2 orcs.

Vanquished Creatures
  Jorgrun (D:12)
  Harold (D:11)
  A hydra (D:10)
  Erica (D:8)
  3 two-headed ogres
  Pikel (D:6)
  2 gargoyles
  2 orange demons (D:10)
  A kobold demonologist (D:8)
  2 red devils (D:10)
  3 meliai (D:12)
  A troll (D:12)
  A hornet (D:9)
  A hippogriff (D:9)
  Grinder (D:3)
  A shadow (D:11)
  3 wyverns
  18 yaks
  Grum (D:8)
  2 wargs (Orc:1)
  A water moccasin (D:8)
  4 orc warriors
  4 sky beasts
  5 ice beasts
  3 phantoms (D:4)
  7 ogres
  3 wolves (D:8)
  4 centaurs
  3 big kobolds
  A crocodile (D:10)
  5 bullfrogs
  A wyvern zombie (D:6)
  4 killer bees
  3 scorpions
  A water moccasin skeleton (D:6)
  3 wights (D:9)
  2 electric eels (D:9)
  4 crimson imps
  A centaur zombie (D:5)
  5 orc priests
  4 hounds
  A jelly (D:11)
  A gnoll shaman (D:6)
  2 iguanas
  A centaur skeleton (D:7)
  3 hexers
  Natasha (thrice) (D:2)
  6 orc wizards
  4 worker ants
  Terence (D:3)
  A howler monkey zombie (D:10)
  10 gnolls
  5 adders
  5 shadow imps
  3 worms
  8 leopard geckos
  43 orcs
  5 bats
  10 giant cockroaches
  7 goblins
  5 hobgoblins
  9 jackals
  2 quokkas
  4 ball pythons
  10 frilled lizards
  A jackal skeleton (D:4)
  33 kobolds
  7 kobold skeletons (D:8)
  5 kobold zombies (D:8)
  6 rats
316 creatures vanquished.

Vanquished Creatures (collateral kills)
  An unseen horror (D:10)
  An orc sorcerer (Orc:1)
  An ugly thing (D:12)
  2 manticores
  Joseph (D:8)
  An ice statue (IceCv)
  An orange demon (D:10)
  A centaur skeleton (D:10)
  2 polar bears (IceCv)
  2 hippogriffs
  A shadow (D:10)
  13 yaks
  A basilisk (D:11)
  A hungry ghost (D:10)
  An acid dragon (D:11)
  2 orc warriors
  A swamp drake (D:11)
  An ice beast (D:8)
  A sky beast (D:10)
  3 slaves (D:6)
  4 black bears
  A phantom (D:10)
  5 ogres
  A necrophage (D:8)
  3 centaurs
  3 wolves
  2 crocodiles
  2 bullfrogs
  4 big kobolds
  A gnoll sergeant (D:9)
  A wyvern skeleton (D:11)
  A killer bee (D:8)
  2 crimson imps
  A jelly (D:8)
  A bullfrog skeleton (D:12)
  An orc priest (D:11)
  3 hounds
  5 orc wizards
  4 iguanas
  6 worker ants
  2 gnolls
  9 adders
  A shadow imp (D:8)
  A worm (D:2)
  21 orcs
  4 jackals
  12 kobolds
  3 quokkas
  A frilled lizard (D:3)
  4 kobold skeletons (D:8)
  2 kobold zombies (D:8)
149 creatures vanquished.

Vanquished Creatures (others)
  An orange demon (D:10)
  A yak (IceCv)
  A slave (D:6)
  An orc warrior (D:6)
  16 hexers
  2 ancestors (D:6)
  2 orcs
24 creatures vanquished.

Grand Total: 489 creatures vanquished

Notes
Turn   | Place    | Note
-------+----------+-------------------------------------------
     0 | D:1      | FishyPogo the Gnoll Wanderer began the quest for the Orb.
     0 | D:1      | FishyPogo set off with the following items: a +0 hand axe,
                  | a potion of curing, a +0 robe, a ration; and the following
                  | spell memorised: Magic Dart; and the following spells
                  | available to memorise: Conjure Flame, Blink, Call Imp,
                  | Slow, Mephitic Cloud
     0 | D:1      | Reached XP level 1. HP: 17/17 MP: 6/6
   229 | D:1      | Reached XP level 2. HP: 23/23 MP: 4/7
   406 | D:1      | Learned a level 2 spell: Call Imp
   512 | D:1      | Reached XP level 3. HP: 24/28 MP: 5/9
   532 | D:1      | Learned a level 3 spell: Mephitic Cloud
   771 | D:1      | Reached skill level 5 in Spellcasting
   899 | D:2      | Noticed Natasha
   920 | D:2      | Killed Natasha
   920 | D:2      | Reached skill level 1 in Short Blades
   920 | D:2      | Reached skill level 1 in Long Blades
   920 | D:2      | Reached skill level 1 in Axes
   920 | D:2      | Reached skill level 1 in Maces & Flails
   920 | D:2      | Reached skill level 1 in Polearms
   920 | D:2      | Reached skill level 1 in Staves
   920 | D:2      | Reached skill level 1 in Slings
   920 | D:2      | Reached skill level 1 in Bows
   920 | D:2      | Reached skill level 1 in Armour
   920 | D:2      | Reached skill level 1 in Dodging
   920 | D:2      | Reached skill level 1 in Stealth
   920 | D:2      | Reached skill level 1 in Unarmed Combat
   920 | D:2      | Reached skill level 1 in Invocations
   920 | D:2      | Reached skill level 1 in Evocations
   925 | D:2      | Learned a level 3 spell: Conjure Flame
   937 | D:2      | Found a hide-covered altar of Uskayaw.
   938 | D:2      | Noticed a +0 dagger
   938 | D:2      | Noticed a +0 hand axe
  1009 | D:2      | Reached XP level 4. HP: 34/34 MP: 1/11
  1232 | D:2      | Found an opulent altar of Gozag.
  1232 | D:2      | Noticed Natasha
  1251 | D:2      | Killed Natasha
  1251 | D:2      | Reached skill level 1 in Hexes
  1251 | D:2      | Reached skill level 1 in Charms
  1251 | D:2      | Reached skill level 1 in Summonings
  1251 | D:2      | Reached skill level 1 in Translocations
  1251 | D:2      | Reached skill level 1 in Transmutations
  1251 | D:2      | Reached skill level 1 in Fire Magic
  1251 | D:2      | Reached skill level 1 in Ice Magic
  1251 | D:2      | Reached skill level 1 in Air Magic
  1251 | D:2      | Reached skill level 1 in Earth Magic
  1251 | D:2      | Reached skill level 1 in Poison Magic
  1337 | D:2      | Noticed Natasha
  1353 | D:2      | Killed Natasha
  1353 | D:2      | Reached XP level 5. HP: 16/40 MP: 5/12
  1852 | D:3      | Found a glowing drain.
  1856 | Sewer    | Entered a sewer
  2093 | Sewer    | Reached XP level 6. HP: 44/47 MP: 3/13
  2095 | Sewer    | Reached skill level 5 in Crossbows
  2578 | D:3      | Noticed Terence
  2660 | D:3      | Killed Terence
  2891 | D:3      | Noticed Grinder
  2895 | D:3      | Paralysed by Grinder for 4 turns
  2908 | D:3      | Killed Grinder
  2908 | D:3      | Reached XP level 7. HP: 13/52 MP: 8/15
  3210 | D:4      | Found a white marble altar of Elyvilon.
  3549 | D:4      | Reached XP level 8. HP: 24/60 MP: 5/16
  3752 | D:4      | Found a glowing silver altar of Zin.
  3860 | D:4      | Found an ancient bone altar of Kikubaaqudgha.
  4212 | D:5      | Entered Level 5 of the Dungeon
  4212 | D:5      | Found a shattered altar of Ashenzari.
  4212 | D:5      | Found a staircase to the Ecumenical Temple.
  4220 | Temple   | Entered the Ecumenical Temple
  4344 | Temple   | Became a worshipper of Hepliaklqana the Forgotten
  5241 | D:5      | Found a white marble altar of Elyvilon.
  5478 | D:6      | Found Xiakor's Distillery.
  5491 | D:6      | Reached XP level 9. HP: 47/59 MP: 6/18
  5496 | D:6      | Reached skill level 5 in Conjurations
  5605 | D:6      | Bought a potion of degeneration for 13 gold pieces
  5605 | D:6      | Bought a potion of heal wounds for 65 gold pieces
  5609 | D:6      | Reached * piety under Hepliaklqana
  5615 | D:6      | Found Taqeag's Assorted Antiques.
  5619 | D:6      | Found an iron altar of Okawaru.
  5777 | D:6      | Found Vacuxe Meu's Jewellery Shoppe.
  5923 | D:6      | Noticed Pikel
  5940 | D:6      | Killed Pikel
  5940 | D:6      | Reached skill level 5 in Fighting
  5940 | D:6      | Reached skill level 5 in Throwing
  5940 | D:6      | Reached skill level 5 in Shields
  6349 | D:7      | Reached ** piety under Hepliaklqana
  6350 | D:7      | Remembered your ancestor Eadwine as a hexer
  6457 | D:7      | Reached skill level 5 in Invocations
  6872 | D:7      | Reached XP level 10. HP: 66/66 MP: 13/20
  7262 | D:8      | Noticed Grum
  7262 | D:8      | Noticed Joseph
  7275 | D:8      | Killed Grum
  7340 | D:7      | Reached skill level 5 in Short Blades
  7340 | D:7      | Reached skill level 5 in Long Blades
  7340 | D:7      | Reached skill level 5 in Axes
  7340 | D:7      | Reached skill level 5 in Maces & Flails
  7340 | D:7      | Reached skill level 5 in Polearms
  7340 | D:7      | Reached skill level 5 in Staves
  7340 | D:7      | Reached skill level 5 in Slings
  7340 | D:7      | Reached skill level 5 in Bows
  7340 | D:7      | Reached skill level 5 in Armour
  7340 | D:7      | Reached skill level 5 in Dodging
  7340 | D:7      | Reached skill level 5 in Stealth
  7340 | D:7      | Reached skill level 5 in Unarmed Combat
  7340 | D:7      | Reached skill level 5 in Evocations
  7550 | D:8      | Learned a level 3 spell: Tukima's Dance
  7883 | D:8      | Killed Joseph
  7883 | D:8      | Reached skill level 5 in Necromancy
  7990 | D:8      | Noticed a two-headed ogre
  7992 | D:8      | Noticed a kobold demonologist
  8042 | D:8      | Killed a two-headed ogre
  8091 | D:8      | Killed a kobold demonologist
  8269 | D:8      | Found an ancient bone altar of Kikubaaqudgha.
  8401 | D:8      | Found a snail-covered altar of Cheibriados.
  8424 | D:8      | Reached *** piety under Hepliaklqana
  8484 | D:8      | Reached XP level 11. HP: 72/72 MP: 19/22
  8657 | D:8      | Noticed Erica
  8685 | D:8      | Killed Erica
  8922 | D:9      | Got a scorched mace
  8923 | D:9      | Identified the +3 mace of Muufut {crush, rC+ MR+ Int+4
                  | Stlth-} (You found it on level 9 of the Dungeon)
  9349 | D:9      | Paralysed by a hornet for 3 turns
  9491 | D:9      | Reached skill level 5 in Hexes
  9491 | D:9      | Reached skill level 5 in Charms
  9491 | D:9      | Reached skill level 5 in Summonings
  9491 | D:9      | Reached skill level 5 in Translocations
  9491 | D:9      | Reached skill level 5 in Transmutations
  9491 | D:9      | Reached skill level 5 in Fire Magic
  9491 | D:9      | Reached skill level 5 in Ice Magic
  9491 | D:9      | Reached skill level 5 in Air Magic
  9491 | D:9      | Reached skill level 5 in Earth Magic
  9491 | D:9      | Reached skill level 5 in Poison Magic
  9656 | D:9      | Reached **** piety under Hepliaklqana
  9682 | D:9      | Found a sparkling altar of Nemelex Xobeh.
 10149 | D:10     | Entered Level 10 of the Dungeon
 10455 | D:10     | Killed an unseen horror
 10865 | D:10     | Got a colourful robe
 10993 | D:10     | Identified the cursed +1 robe "Hyf Fid" {rCorr Int+4} (You
                  | found it on level 10 of the Dungeon)
 11648 | D:11     | Noticed a two-headed ogre
 11650 | D:11     | Noticed a manticore
 11783 | D:11     | Noticed a five-headed hydra
 11812 | D:10     | Killed a five-headed hydra
 11812 | D:10     | Reached XP level 12. HP: 27/81 MP: 1/24
 12248 | D:10     | Learned a level 4 spell: Summon Lightning Spire
 12791 | D:11     | Killed a two-headed ogre
 13019 | D:11     | Found a staircase to the Lair.
 13028 | D:11     | Noticed Harold
 13093 | D:11     | Killed Harold
 13318 | D:11     | Found a staircase to the Orcish Mines.
 13487 | D:12     | Noticed Urug
 13597 | D:12     | Noticed Jorgrun
 13661 | D:13     | Noticed a centaur warrior
 13721 | D:12     | Killed Jorgrun
 13725 | D:12     | Noticed Snorg
 13995 | D:12     | Found a stormy altar of Qazlal.
 14187 | Lair:1   | Entered Level 1 of the Lair of Beasts
 14226 | D:11     | Learned a level 4 spell: Summon Ice Beast
 14393 | D:6      | Bought a warped shortbow for 168 gold pieces
 14398 | D:6      | Identified the cursed +1 shortbow "Testudine's Death"
                  | {venom, rC+ Str+3} (You bought it in a shop on level 6 of
                  | the Dungeon)
 14635 | Orc:1    | Entered Level 1 of the Orcish Mines
 14660 | Orc:1    | Reached XP level 13. HP: 88/88 MP: 26/26
 14713 | Orc:2    | Entered Level 2 of the Orcish Mines
 14737 | Orc:1    | Found a frozen archway.
 14759 | IceCv    | Entered an ice cave
 14946 | IceCv    | Learned a level 3 spell: Summon Guardian Golem
 15360 | Orc:1    | Found Kott's Armour Shop.
 15934 | Orc:1    | Noticed an orc warlord
 15943 | Orc:1    | Gained mutation: You are occasionally teleported next to
                  | monsters. [potion of mutation]
 15943 | Orc:1    | Gained mutation: Your system is resistant to poisons.
                  | (rPois) [potion of mutation]
 15944 | Orc:1    | Lost mutation: You are occasionally teleported next to
                  | monsters. [potion of mutation]
 15944 | Orc:1    | Gained mutation: You are resistant to hostile enchantments.
                  | (MR+) [potion of mutation]
 15944 | Orc:1    | Gained mutation: You are frail. (-10% HP) [potion of
                  | mutation]
 15944 | Orc:1    | Gained mutation: You are partially covered in thin metallic
                  | scales. (AC +2) [potion of mutation]
 15953 | Orc:1    | Shot with a bolt by an orc warlord

Levels and vault maps discovered:
D:1:      wander_arrival_fairy_ring, layout_loops_corners, roderic_lattice_a,
          hangedman_decor_points
D:2:      layout_basic, overflow_temple_1_default, dancing_weapons_uskayaw,
          uniq_natasha
D:3:      layout_basic, gup_sewer_entry_bowl, uniq_terence, uniq_grinder
D:4:      layout_cave_pools, kiku_gazebo_garden_becter,
          nicolae_overflow_crystal_walls, zin_treasury, first_ration,
          minmay_pentangle
D:5:      layout_basic, ashenzari_altar_1, minmay_temple_entry_arrows,
          serial_glass, glass_columns_a, glass_columns_a, basic_altar
D:6:      layout_rooms, okawaru_metal_pillars_1_2, serial_shops,
          nicolae_shop_temple_entry_statues_fountains,
          nicolae_shop_competitors_out_of_business, shop_statue,
          serial_bayou_pond_a, chequers_serial_rivers_small_a,
          grunt_decor_arrowhead, uniq_pikel
D:7:      layout_basic
D:8:      wander_kiku_kobolds, layout_rooms, nicolae_overflow_hidden_temple,
          uniq_erica, uniq_grum, uniq_joseph
D:9:      layout_rooms, nemelex_xobeh_ov_fountains_minmay, blue_anna_alchemist
          [blue_anna_fruit_fields, blue_anna_fruit_fields],
          nrook_mini_backslash, chequers_big_river
D:10:     layout_irregular_city, minmay_beelzebubs_servants
D:11:     layout_rooms, david_lair_generic, erik_orc_1, uniq_harold
D:12:     hangedman_cross_veins, layout_basic, basic_altar, drop_trap,
          minmay_between, uniq_urug, uniq_snorg, uniq_jorgrun
D:13:     layout_cave_pools, david_vaults_1
Temple:   dshaligram_water_room_temple
Lair:1:   layout_layer_cave, minivault_24, serial_bayou_lake_a
Orc:1:    layout_diamond_mine, portal_ice_cave_entry_pillars_2, serial_shops,
          nicolae_shop_statue_plus
Orc:2:    pf_orc_diabolical, layout_caves, gauntlet_entry_generic, mines3_lemuel

Skill      XL: |  1  2  3  4  5  6  7  8  9 10 11 12 |
---------------+-------------------------------------+-----
Necromancy     | 2 3 4 5 6 |  6.9
Spellcasting   | 5 6 7 8 9 |  9.4
Short Blades   | 1 2 3 4 5 6 7 |  7.9
Long Blades    | 1 2 3 4 5 6 7 |  7.9
Axes           | 1 2 3 4 5 6 7 |  7.9
Maces & Flails | 1 2 3 4 5 6 7 |  7.9
Polearms       | 1 2 3 4 5 6 7 |  7.9
Staves         | 1 2 3 4 5 6 7 |  7.9
Slings         | 1 2 3 4 5 6 7 |  7.9
Bows           | 1 2 3 4 5 6 7 |  7.9
Armour         | 1 2 3 4 5 6 7 |  7.9
Dodging        | 1 2 3 4 5 6 7 |  7.9
Stealth        | 1 2 3 4 5 6 7 |  7.9
Unarmed Combat | 1 2 3 4 5 6 7 |  7.9
Invocations    | 1 2 3 4 5 6 7 8 |  8.6
Evocations     | 1 2 3 4 5 6 7 |  7.9
Hexes          | 1 2 3 4 5 6 |  6.5
Charms         | 1 2 3 4 5 6 |  6.5
Summonings     | 1 2 3 4 5 6 |  6.5
Translocations | 1 2 3 4 5 6 |  6.5
Transmutations | 1 2 3 4 5 6 |  6.5
Fire Magic     | 1 2 3 4 5 6 |  6.5
Ice Magic      | 1 2 3 4 5 6 |  6.5
Air Magic      | 1 2 3 4 5 6 |  6.5
Earth Magic    | 1 2 3 4 5 6 |  6.5
Poison Magic   | 1 2 3 4 5 6 |  6.5
Fighting       | 3 4 5 6 7 8 |  8.3
Throwing       | 3 4 5 6 7 8 |  8.3
Shields        | 3 4 5 6 7 8 |  8.3
Conjurations   | 4 5 6 7 |  7.6
Crossbows      | 5 6 7 8 9 |  9.2

Action                   |  1- 3 |  4- 6 |  7- 9 | 10-12 | 13-15 || total
-------------------------+-------+-------+-------+-------+-------++-------
Melee: Hand axe          |    41 |   112 |   117 |       |       ||   270
       Bite              |     4 |     7 |    20 |    77 |    15 ||   123
       Flail             |       |       |    12 |    54 |       ||    66
       Punch             |       |       |     1 |    18 |       ||    19
       Spear             |       |       |    77 |   266 |       ||   343
       Mace              |       |       |       |   242 |    72 ||   314
Throw: Dart              |     1 |       |       |     2 |     9 ||    12
       Javelin           |       |       |       |       |     1 ||     1
 Cast: Magic Dart        |    33 |    22 |    42 |   125 |     4 ||   226
       Call Imp          |     7 |    23 |    78 |    84 |     1 ||   193
       Mephitic Cloud    |     2 |     9 |    18 |    71 |    10 ||   110
       Conjure Flame     |       |       |     3 |    12 |     1 ||    16
       Summon Lightning  |       |       |       |    15 |     7 ||    22
       Summon Ice Beast  |       |       |       |     1 |     7 ||     8
       Summon Guardian G |       |       |       |       |     2 ||     2
Invok: Recall Ancestor   |       |       |     3 |     1 |     4 ||     8
       Ancestor Life: He |       |       |     1 |       |       ||     1
       Idealise          |       |       |       |       |     1 ||     1
       Transference      |       |       |       |       |     1 ||     1
Evoke: Wand              |       |       |       |     3 |       ||     3
  Use: Scroll            |       |     7 |     4 |    12 |     3 ||    26
       Potion            |       |     2 |       |     6 |     3 ||    11
 Stab: Confused          |     1 |     4 |    10 |    33 |     4 ||    52
       Distracted        |       |     2 |     7 |     9 |       ||    18
       Sleeping          |       |     2 |     2 |     1 |       ||     5
       Fleeing           |       |       |       |       |     1 ||     1
  Eat: Chunk             |     1 |     8 |    15 |    27 |     2 ||    53
       Ration            |       |       |       |       |     1 ||     1
Armor: Robe              |    17 |    30 |    22 |    40 |     4 ||   113
       Leather armour    |       |       |       |    44 |    11 ||    55
Dodge: Dodged            |    28 |    59 |    71 |   336 |    63 ||   557
Block: Other             |       |       |       |    25 |       ||    25
       Buckler           |       |       |       |    37 |    48 ||    85
       Reflection        |       |       |       |     7 |     3 ||    10
